 Dungeon Crawl Stone Soup version 0.30-a0-331-g8ab09dc110 (webtiles) character file.

Game seed: 956210240666290372

400 Powertoast the Conjurer (level 6, -7/36 HPs)
             Began as a Deep Elf Conjurer on Oct 29, 2022.
             Was a Believer of Vehumet.
             Mangled by a sun demon (16 damage)
             ... summoned by a kobold demonologist
             ... on level 5 of the Dungeon.
             The game lasted 00:10:34 (3241 turns).

Powertoast the Conjurer (Deep Elf Conjurer)         Turns: 3241, Time: 00:10:35

Health: -7/36      AC:  2    Str:  4    XL:     6   Next: 54%
Magic:  9/22       EV: 12    Int: 25    God:    Vehumet [**....]
Gold:   173        SH:  0    Dex: 13    Spells: 1/11 levels left

rFire   . . .      SeeInvis .    g - +3 dagger (venom)
rCold   . . .      Faith    .    (no shield)
rNeg    . . .      Spirit   .    a - +0 robe
rPois   .          Reflect  .    (no helmet)
rElec   .          Harm     .    (no cloak)
rCorr   .          Rampage  .    (no gloves)
Will    .....                    (no boots)
Stlth   ++........               (no amulet)
HPRegen 0.26/turn                d - ring of magical power
MPRegen 0.18/turn                (no ring)

@: no status effects
A: no striking features
a: Renounce Religion


You were on level 5 of the Dungeon.
You worshipped Vehumet.
Vehumet was pleased with you.
You visited 1 branch of the dungeon, and saw 5 of its levels.

You collected 173 gold pieces.

Inventory:

Hand Weapons
 g - a +3 dagger of venom (weapon)
Armour
 a - a +0 robe (worn)
 u - a +2 chain mail of cold resistance
Jewellery
 d - a ring of magical power (left hand)
Wands
 j - a wand of mindburst (12)
Scrolls
 c - 2 scrolls of fear {unknown}
 l - a scroll of noise {unknown}
 m - a scroll of butterflies {unknown}
 o - 2 scrolls of blinking {unknown}
 r - a scroll of poison {unknown}
 s - 2 scrolls of teleportation {unknown}
Potions
 b - 2 potions of magic
 h - a potion of brilliance
 i - a potion of berserk rage
 k - 3 potions of heal wounds {unknown}
 n - 2 potions of invisibility {unknown}
 p - 2 potions of haste {unknown}
 q - a potion of might {unknown}
 t - a potion of curing {unknown}


   Skills:
 + Level 2.9 Fighting
 - Level 3.0 Dodging
 - Level 3.0 Stealth
 + Level 3.3 Spellcasting
 + Level 6.3 Conjurations
 - Level 3.0 Hexes
 + Level 0.8 Air Magic
 + Level 1.0 Poison Magic


You had one spell level left.
You knew the following spells:

 Your Spells              Type           Power      Damage    Failure   Level
a - Magic Dart            Conj           100%       1d8       1%          1
b - Searing Ray           Conj           70%        2d7       1%          2
c - Dazzling Flash        Conj/Hex       54%        N/A       4%          3
d - Static Discharge      Conj/Air       44%        2-4/arc   3%          2
e - Poisonous Vapours     Pois/Air       16%        N/A       10%         2

Your spell library contained the following spells:

 Spells                   Type           Power      Damage    Failure   Level
 Fulminant Prism          Conj/Hex       13%        3d9       14%         4
 Vhi's Electric Charge    Tloc/Air       12%        N/A       24%         3
 Iskenderun's Mystic Bla  Conj/Tloc      20%        2d6       26%         4
 Arcjolt                  Conj/Air       11%        1d21      52%         5
 Lightning Bolt           Conj/Air       11%        1d24      52%         5


Dungeon Overview and Level Annotations

Branches:
Dungeon (5/15)
 Temple: D:4-7

Altars:
Vehumet

Shops:
D:4 *

Annotations:
D:4 2 runed translucent doors, Menkaure; hikkokomori's ghost, amateur DgCj


Message History

You feel your power returning.
The searing ray misses the sun demon.
The searing ray hits the shadow imp!
The shadow imp is almost dead.
The searing ray hits the kobold.
You kill the kobold!
Vehumet accepts your kill.
The kobold demonologist casts a cantrip, but nothing happens.
Training target 3.0 for Hexes reached!
Your Hexes skill increases to level 3!
Your Poison Magic skill increases to level 1!
The searing ray hits the sun demon.
The sun demon is moderately wounded.
The searing ray hits the shadow imp!
You kill the shadow imp!
The shadow imp disappears in a puff of smoke!
The searing ray misses the crimson imp.
The searing ray misses the quasit.
The kobold demonologist casts a spell.
A kobold demonologist comes into view. It is wielding a +0 dagger.
The sun demon misses you.
The crimson imp blinks!
Unknown command.
The searing ray hits the sun demon!
The sun demon is moderately wounded.
The searing ray hits the sun demon but does no damage.
You finish channelling your searing ray.
The sun demon completely misses you.
Casting: Searing Ray (safe; 1% risk of failure)
Confirm with . or Enter, or press ? or * to list all spells.
Aiming: Searing Ray (safe; 1% risk of failure)
Press: ? - help, Shift-Dir - straight line, f - kobold demonologist
Aim: a kobold demonologist, wielding a +0 dagger and wearing a +0 robe (lightly wounded, 73% to hit)
The searing ray hits the sun demon.
The sun demon is moderately wounded.
The searing ray misses the sun demon.
The searing ray hits the kobold demonologist.
The kobold demonologist is moderately wounded. (Press . to maintain the ray.)
The sun demon hits you!
You are engulfed in flames!
The sun demon hits you.
* * * LOW HITPOINT WARNING * * *
You are engulfed in flames!
You die...

##########
#########.~.......
#..@335#.)......~.
###.####KK~...~.~~..
#..[# #≈≈≈~≈~.~~~~≈~
#.###≈≈≈≈≈~~~~~≈≈~~≈
######.#
####~.~.~.....~.
#......#
....#~..~.K.~.
#......#
#.##.######....
#.....[# #. ... ....
#......# . ..#


You could see 2 sun demons, 2 kobold demonologists and a quasit (summoned).

Vanquished Creatures
  2 kobold brigands (D:5)
  An orc priest (D:3)
  2 iguanas (D:5)
  3 gnolls (D:5)
  3 adders
  2 worms
  6 dart slugs
  13 orcs
  6 bats
  9 endoplasms
  3 giant cockroaches
  6 goblins
  5 hobgoblins
  3 jackals (D:3)
  9 quokkas
  7 ball pythons
  A frilled lizard (D:3)
  10 kobolds
  7 rats
98 creatures vanquished.

Notes
Turn   | Place    | Note
-------+----------+-------------------------------------------
     0 | D:1      | Powertoast the Deep Elf Conjurer began the quest for the
                  | Orb.
     0 | D:1      | Reached XP level 1. HP: 10/10 MP: 6/6
   252 | D:1      | Reached XP level 2. HP: 15/15 MP: 6/8
   339 | D:1      | Reached skill level 5 in Conjurations
   342 | D:1      | Learned a level 2 spell: Searing Ray
   737 | D:1      | Reached XP level 3. HP: 19/19 MP: 9/9
  1315 | D:2      | Reached skill level 1 in Fighting
  1350 | D:2      | Found a radiant altar of Vehumet.
  1360 | D:2      | Became a worshipper of Vehumet
  1442 | D:2      | Reached XP level 4. HP: 25/25 MP: 10/10
  1714 | D:2      | Found a faded altar of an unknown god.
  2056 | D:3      | Reached * piety under Vehumet
  2056 | D:3      | Offered knowledge of Kiss of Death by Vehumet.
  2062 | D:3      | Learned a level 3 spell: Dazzling Flash
  2310 | D:3      | Learned a level 2 spell: Static Discharge
  2424 | D:3      | Reached skill level 1 in Hexes
  2462 | D:3      | Reached XP level 5. HP: 30/30 MP: 11/11
  2946 | D:4      | Noticed Menkaure
  2946 | D:4      | Found Hiqycud's General Store.
  2969 | D:4      | Noticed hikkokomori's ghost (amateur DgCj)
  2969 | D:4      | Found a large runed translucent door.
  2969 | D:4      | Found a large runed translucent door.
  2979 | D:5      | Entered Level 5 of the Dungeon
  3013 | D:5      | Reached skill level 6 in Conjurations
  3015 | D:5      | Reached ** piety under Vehumet
  3091 | D:5      | Offered knowledge of Poisonous Vapours by Vehumet.
  3092 | D:5      | Reached XP level 6. HP: 36/36 MP: 12/12
  3095 | D:5      | Learned a level 2 spell: Poisonous Vapours
  3220 | D:5      | Noticed a kobold demonologist
  3226 | D:5      | Noticed a sun demon
  3227 | D:5      | Noticed a sun demon
  3239 | D:5      | Reached skill level 1 in Poison Magic
  3239 | D:5      | Noticed a kobold demonologist
  3241 | D:5      | Mangled by a sun demon

Illustrated notes

Levels and vault maps discovered:
D:1:      kilobyte_arrival_exit_the_forest, layout_basic
D:2:      layout_rooms, basic_altar,
          dreamdust_ecumenical_altar_angels_and_demons, feat_on_display
D:3:      layout_loops_ring
D:4:      layout_gridville, fedhas_altar_2, ebering_ghost_disaster_area,
          serial_shops, shop, uniq_menkaure, uniq_sigmund
D:5:      layout_basic, nicolae_ru_great_annihilating_truth,
          lemuel_crystal_altar, serial_rivers, chequers_serial_rivers_large_b,
          chequers_serial_rivers_small_3, chequers_serial_rivers_small_b,
          chequers_serial_rivers_small_3, chequers_serial_rivers_large_a

Skill      XL: |  1  2  3  4  5  6 |
---------------+-------------------+-----
Conjurations   | 5 6 |  6.3
Stealth        | 3 |  3.0
Dodging        | 3 |  3.0
Fighting       | 1 2 |  2.9
Hexes          | 1 2 3 |  3.0
Poison Magic   | 1 |  1.0
Spellcasting   | |  3.3
Air Magic      | |  0.8

Action                   |  1- 3 |  4- 6 || total
-------------------------+-------+-------++-------
 Cast: Magic Dart        |    71 |    99 ||   170
       Searing Ray       |     8 |    10 ||    18
  Use: Scroll            |       |     3 ||     3
Armor: Robe              |       |     1 ||     1
Dodge: Dodged            |     2 |    10 ||    12

Table legend: (Time is in decaauts)
 A = Elapsed time spent in this place.
 B = Non-inter-level travel time spent in this place.
 C = Inter-level travel time spent in this place.
 D = Time resting spent in this place.
 E = Time spent auto-exploring this place.
 F = Levels seen in this place.
 G = Mean time per level.
                   A        B        C        D        E       F      G
               +--------+--------+--------+--------+--------+-----+--------+
         Total |   3250 |   3133 |    117 |    130 |   2570 |   5 |  650.0 |
       Dungeon |   3250 |   3133 |    117 |    130 |   2570 |   5 |  650.0 |
               +--------+--------+--------+--------+--------+-----+--------+

Top non-repeatable levels by time:
     D:1: 1223 daAuts
     D:3: 1125 daAuts
     D:2: 627 daAuts
     D:5: 261 daAuts
     D:4: 11 daAuts
